 Dungeon Crawl Stone Soup version 0.29-a0-559-g359e09b9d1 (webtiles) character file.

Game seed: 4662858137169766476

112 Heedrag the Conjurer (level 4, -3/30 HPs)
             Began as a Demonspawn Conjurer on June 9, 2022.
             Slain by an orc
             ... wielding a +0 hand axe
              (6 damage)
             ... on level 3 of the Dungeon.
             The game lasted 00:03:54 (2304 turns).

Heedrag the Conjurer (Demonspawn Conjurer)          Turns: 2304, Time: 00:03:55

Health: -3/30      AC:  2    Str:  7    XL:     4   Next: 63%
Magic:  8/8        EV: 12    Int: 22    God:
Gold:   86         SH:  0    Dex: 11    Spells: 1/8 levels left

rFire   . . .      SeeInvis .   c - +0 dagger
rCold   . . .      Faith    .   (no shield)
rNeg    . . .      Spirit   .   a - +0 robe
rPois   .          Reflect  .   (no helmet)
rElec   .          Harm     .   (no cloak)
rCorr   .          Rampage  .   (no gloves)
Will    .....                   (no boots)
Stlth   ++........              (no amulet)
HPRegen 0.10/turn               (no ring)
MPRegen 0.22/turn               (no ring)

@: no status effects
A: magic regeneration
a: no special abilities


You were on level 3 of the Dungeon.
You visited 1 branch of the dungeon, and saw 3 of its levels.

You collected 122 gold pieces.
You spent 36 gold pieces at shops.

Inventory:

Hand Weapons
 c - a +0 dagger (weapon)
   (You found it on level 1 of the Dungeon)
Armour
 a - a +0 robe (worn)
 g - a +0 kite shield
   (You found it on level 1 of the Dungeon)
 l - a +0 helmet
   (You took it off Robin on level 2 of the Dungeon)
Wands
 x - a wand of acid (5)
   (You found it on level 3 of the Dungeon)
Scrolls
 d - a scroll of summoning {unknown}
 f - a scroll of amnesia {unknown}
 h - 5 scrolls of identify {unknown}
 j - a scroll of noise {unknown}
 k - 3 scrolls of magic mapping {unknown}
 m - 2 scrolls of teleportation {unknown}
 o - a scroll of vulnerability {unknown}
 p - a scroll of poison {unknown}
Potions
 b - a potion of magic
 e - a potion of cancellation {unknown}
 i - 2 potions of flight {unknown}
 n - a potion of degeneration {unknown}
 q - a potion of curing {@q1}


   Skills:
 - Level 2.0 Dodging
 + Level 2.7 Stealth
 + Level 2.7 Spellcasting
 * Level 5.1 Conjurations
 + Level 0.2 Hexes


You had one spell level left.
You knew the following spells:

 Your Spells              Type           Power      Damage    Failure   Level
a - Magic Dart            Conj           100%       1d8       1%          1
s - Searing Ray           Conj           50%        2d6       2%          2
z - Fulminant Prism       Conj/Hex       7%         3d7       38%         4

Your spell library contained the following spells:

 Spells                   Type           Power      Damage    Failure   Level
 Dazzling Flash           Conj/Hex       28%        N/A       13%         3
 Iskenderun's Mystic Bla  Conj/Tloc      14%        2d5       41%         4


Dungeon Overview and Level Annotations

Branches:
Dungeon (3/15)

Altars:
Elyvilon
Trog

Shops:
D:2 [((!


Innate Abilities, Weirdness & Mutations

You regenerate magic rapidly.


Message History

An orc is nearby!
An orc is nearby!
An orc is nearby!
The magic dart hits the orc but does no damage.
The orc shouts!
You hear a shout!
An orc wizard comes into view. It is wielding a +0 dagger.
An orc wizard comes into view.
It is wielding a +1 dagger of holy wrath.
You hear a shout!
The magic dart hits the orc.
The orc wizard shouts!
The magic dart hits the orc.
The orc wizard gestures at you while chanting.
You are confused.
The orc wizard casts a spell.
The orc wizard flickers and vanishes!
Deactivating autopickup; reactivate with Ctrl-A.
A puff of flame appears from out of thin air!
The puff of flame hits you!
You're too confused to move!
You feel less confused.
The orc wizard points at you and mumbles some strange words.
You are confused.
A puff of flame appears from out of thin air!
The puff of flame hits you!
* * * LOW HITPOINT WARNING * * *
You're too confused to move!
The orc misses you.
Unknown command.
The orc hits you with a +0 hand axe.
* * * LOW HITPOINT WARNING * * *
You bump into the rock wall.
The orc wizard gestures wildly while chanting.
The orc wizard flickers and vanishes!
The orc barely misses you.
You hear some strange, mumbled words.
Unknown command.
Something hits you.
* * * LOW HITPOINT WARNING * * *
The orc hits you with a +0 hand axe.
* * * LOW HITPOINT WARNING * * *
You feel better. The orc hits you with a +0 hand axe.
* * * LOW HITPOINT WARNING * * *
You hear some strange, mumbled words.
A puff of flame appears from out of thin air!
The puff of flame misses you. Something hits you.
* * * LOW HITPOINT WARNING * * *
Unknown command.
The orc hits you with a +0 hand axe.
* * * LOW HITPOINT WARNING * * *
The orc attacks as you move away! The orc hits you with a +0 hand axe.
You die...

#.....#.# #.# #.#.#.#.# #.#
#.#.#.#.# #.#
#######.#.#.#.# #.#
#.......#.#.#.# #.#
#.#######.#.#.# #.# #
#.#.......#.#.# #.#####.###
#.#.#..####.#.###.....<....
#....)..........@......)..?
#.#.#..####.#....o.......[.
.>......(..................
###....####.###############
# ##..._....# #
##.########## #
#...........#
###...........#
..............#


You could see an orc.

Vanquished Creatures
  Robin (D:2)
  2 adders
  A worm (D:2)
  2 dart slugs
  An orc (D:3)
  4 endoplasms
  3 giant cockroaches
  17 goblins
  7 hobgoblins
  6 jackals (D:1)
  4 kobolds
  A quokka (D:3)
  4 ball pythons
  3 bats (D:1)
  6 frilled lizards
  5 rats
67 creatures vanquished.

Vanquished Creatures (others)
  2 fungi (D:2)
  8 plants (D:2)
10 creatures vanquished.

Grand Total: 77 creatures vanquished

Notes
Turn   | Place    | Note
-------+----------+-------------------------------------------
     0 | D:1      | Heedrag the Demonspawn Conjurer began the quest for the
                  | Orb.
     0 | D:1      | Reached XP level 1. HP: 13/13 MP: 3/3
   262 | D:1      | Gained mutation: You regenerate magic rapidly. [demonic
                  | ancestry]
   262 | D:1      | Reached XP level 2. HP: 19/19 MP: 3/5
   507 | D:1      | Learned a level 2 spell: Searing Ray
   705 | D:1      | Reached XP level 3. HP: 24/24 MP: 4/6
  1240 | D:2      | Found Syan's Antique Weapon Shop.
  1491 | D:2      | Noticed Robin
  1525 | D:2      | Killed Robin
  1526 | D:2      | Reached XP level 4. HP: 27/30 MP: 3/7
  1572 | D:2      | Found a faded altar of an unknown god.
  1641 | D:2      | Found Ussoraed's Armour Shop.
  1851 | D:2      | Reached skill level 5 in Conjurations
  1856 | D:2      | Learned a level 4 spell: Fulminant Prism
  2052 | D:2      | Found Nuwytaud's Antique Weapon Shop.
  2105 | D:2      | Found Irphyqets's Distillery.
  2110 | D:2      | Bought a potion of curing for 36 gold pieces
  2196 | D:3      | Found a bloodstained altar of Trog.
  2304 | D:3      | Slain by an orc

Illustrated notes

Levels and vault maps discovered:
D:1:      dpeg_arrival_tiny_j, layout_loops_ring, serial_park_tiny_pond
D:2:      layout_loops_cross, shapermc_ecumenical_altar_mp_ritualfount,
          serial_shops, nicolae_square_shop, shop,
          nicolae_shop_temple_entry_statues_fountains, shop, basic_altar,
          minmay_heptomino_d4, uniq_robin
D:3:      layout_basic, overflow_temple_1_default, grunt_ministairs_14

Skill      XL: |  1  2  3  4 |
---------------+-------------+-----
Stealth        | 2 |  2.7
Dodging        | 2 |  2.0
Conjurations   | 5 |  5.1
Spellcasting   | |  2.7
Hexes          | |  0.2

Action                   |  1- 3 |  4- 6 || total
-------------------------+-------+-------++-------
Melee: Unarmed           |     6 |       ||     6
       Dagger            |    24 |     6 ||    30
       Punch             |     1 |       ||     1
 Cast: Magic Dart        |    67 |    39 ||   106
       Searing Ray       |     4 |     1 ||     5
  Use: Potion            |       |     1 ||     1
 Stab: Sleeping          |     1 |       ||     1
Armor: Robe              |     6 |     2 ||     8
Dodge: Dodged            |    34 |    10 ||    44

Table legend: (Time is in decaauts)
 A = Elapsed time spent in this place.
 B = Non-inter-level travel time spent in this place.
 C = Inter-level travel time spent in this place.
 D = Time resting spent in this place.
 E = Time spent auto-exploring this place.
 F = Levels seen in this place.
 G = Mean time per level.
                   A        B        C        D        E       F      G
               +--------+--------+--------+--------+--------+-----+--------+
         Total |   2304 |   2221 |     83 |     97 |   1706 |   3 |  768.0 |
       Dungeon |   2304 |   2221 |     83 |     97 |   1706 |   3 |  768.0 |
               +--------+--------+--------+--------+--------+-----+--------+

Top non-repeatable levels by time:
     D:1: 1199 daAuts
     D:2: 961 daAuts
     D:3: 143 daAuts
